 Dungeon Crawl Stone Soup version 0.20-a0-1040-gfd09691 (webtiles) character file.

82 Duffy the Shield-Bearer (level 4, -1/42 HPs)
             Began as a Naga Fighter on Apr 23, 2017.
             Slain by Natasha (5 damage)
             ... on level 3 of the Dungeon.
             The game lasted 00:01:46 (1905 turns).

Duffy the Shield-Bearer (Naga Fighter)              Turns: 1905, Time: 00:01:46

Health: -1/42      AC:  4    Str: 19    XL:     4   Next: 43%
Magic:  4/4        EV:  5    Int:  9    God:
Gold:   110        SH:  9    Dex: 10    Spells: 3/3 levels left

rFire    . . .     SeeInvis +   l - +1 short sword (venom)
rCold    . . .     Gourm    .   c - +0 shield
rNeg     . . .     Faith    .   n - +0 scale mail (curse)
rPois    +         Spirit   .   (no helmet)
rElec    .         Reflect  .   (no cloak)
rCorr    .         Harm     .   (no gloves)
MR       .....                  (no barding)
Stlth    ..........             (no amulet)
Regen    0.2/turn               (no ring)
MPRegen  0.1/turn               (no ring)

@: slowed, very slow
A: see invisible, deformed body, poison resistance, slowness 2, slow metabolism
1, spit poison 1, AC +1
a: Spit Poison


You were on level 3 of the Dungeon.
You were not hungry.

You visited 1 branch of the dungeon, and saw 3 of its levels.

You collected 110 gold pieces.

Inventory:

Hand Weapons
 a - a +0 war axe
 g - a +1 dagger of electrocution
 l - a +1 short sword of venom (weapon)
 t - a +1 dagger of venom
Armour
 b - a +0 scale mail
 c - a +0 shield (worn)
 n - a cursed +0 scale mail (worn)
Scrolls
 e - a scroll of amnesia {unknown}
 i - 3 scrolls of enchant weapon {unknown}
 k - a scroll of blinking {unknown}
 p - a scroll of identify {unknown}
 q - a scroll of noise {unknown}
 r - a scroll of fog {unknown}
 s - a scroll of remove curse {unknown}
 u - a scroll of teleportation {unknown}
Potions
 d - a potion of might
 h - a potion of magic {unknown}
 j - 2 potions of curing {unknown}
 w - a potion of mutation {unknown}
 x - 2 potions of flight {unknown}
Comestibles
 f - a bread ration
 m - a meat ration
 o - a fruit
 v - a chunk of flesh


   Skills:
 - Level 3.0 Fighting
 - Level 3.0 Axes
 - Level 2.4 Armour
 + Level 3.7 Shields


You had 3 spell levels left.
You didn't know any spells.

Dungeon Overview and Level Annotations

Branches:
Dungeon (3/15)

Altars:

Annotations:
D:3 Natasha


Innate Abilities, Weirdness & Mutations

You cannot wear boots.
Your serpentine skin is tough. (AC +1)
You have supernaturally acute eyesight. (SInv)
Armour fits poorly on your strangely shaped body.
Your system is resistant to poisons. (rPois)
You cover ground very slowly.
You have a slow metabolism.
You can spit poison.


Message History

Natasha stares at you and mumbles some strange words.
The magic dart hits you!
You are too injured to fight recklessly!
You are too injured to fight recklessly!
You are too injured to fight recklessly!
You are too injured to fight recklessly!
You are too injured to fight recklessly!
You are too injured to fight recklessly!
You are too injured to fight recklessly!
You are too injured to fight recklessly!
You are too injured to fight recklessly!
You are too injured to fight recklessly!
You are too injured to fight recklessly!
You are too injured to fight recklessly!
You are too injured to fight recklessly!
You are too injured to fight recklessly!
You hit Natasha.
Natasha looks as sick as possible!
Natasha is severely wounded.
You block the kobold's attack. Natasha claws you.
You die...

.....# #..$ .....#
##..........# .....#
#...#.....?.# .....#
#...#......$# .....#
#...#"......# .....#
#...#.......# .....#
#...#..%....## .....#
#...#..h......
.....######...#.@K......
..................$.....
####............#####(..
#...)........# .
#....<.......#
#............#
#............##
#................
#################


You could see Natasha and a kobold.

Vanquished Creatures
  3 adders
  4 worms
  2 leopard geckos
  An orc (D:3)
  A giant cockroach (D:1)
  6 goblins
  4 hobgoblins (D:1)
  6 bats
  3 frilled lizards (D:1)
  6 kobolds
  8 rats
44 creatures vanquished.

Notes
Turn   | Place    | Note
-------+----------+-------------------------------------------
     0 | D:1      | Duffy the Naga Fighter began the quest for the Orb.
     0 | D:1      | Reached XP level 1. HP: 21/21 MP: 1/1
   191 | D:1      | Reached XP level 2. HP: 28/28 MP: 2/2
  1007 | D:1      | Reached XP level 3. HP: 31/34 MP: 3/3
  1611 | D:2      | Reached XP level 4. HP: 38/42 MP: 4/4
  1895 | D:3      | Noticed Natasha
  1905 | D:3      | Slain by Natasha

Vault maps used:
D:1:      onia_arrival_mini_maze
D:2:      cheibrodos_old_hovel, old_standard_altar
D:3:      kennysheep_generic_room_8, uniq_natasha

Skill      XL: |  1  2  3 |
---------------+----------+-----
Axes           | 3 |  3.0
Shields        | 3 |  3.7
Fighting       | |  3.0
Armour         | |  2.4

Action                   |  1- 3 |  4- 6 || total
-------------------------+-------+-------++-------
Melee: War axe           |    41 |       ||    41
       Short sword       |    49 |    32 ||    81
  Eat: Chunk             |     1 |     1 ||     2
Armor: Scale mail        |    55 |    11 ||    66
Dodge: Dodged            |    20 |     6 ||    26
Block: Shield            |    60 |     7 ||    67
